 Dungeon Sprint DCSS version 0.27.1-33-g824d729ab1 (webtiles) character file.

Game seed: 2371542150153922709

1232 Hipnos the Severer (level 8, -15/88 HPs)
             Began as a Hill Orc Monk on Nov 25, 2021.
             Was a Priest of Qazlal.
             Shot with an arrow by a centaur warrior (23 damage)
             ... in the Dungeon (Sprint I: "Red Sonja").
             The game lasted 00:04:12 (1605 turns).

Hipnos the Severer (Hill Orc Monk)                  Turns: 1605, Time: 00:04:13

Health: -15/88     AC:  2    Str: 16    XL:     8   Next: 48%
Magic:  9/13       EV: 13    Int: 10    God:    Qazlal [***...]
Gold:   262        SH:  3    Dex: 13    Spells: 7/7 levels left

rFire    . . .     SeeInvis .   d - +1 war axe (elec)
rCold    . . .     Faith    .   (no shield)
rNeg     . . .     Spirit   .   b - +0 robe
rPois    .         Reflect  .   (no helmet)
rElec    .         Harm     .   (no cloak)
rCorr    .         Rampage  .   (no gloves)
Will     .....     NoTele   +   (no boots)
Stlth    +.........             (no amulet)
HPRegen  0.24/turn              (no ring)
MPRegen  0.13/turn              (no ring)

@: no status effects
A: no striking features
a: Renounce Religion, Upheaval, Elemental Force


You were in the Dungeon.
You worshipped Qazlal.
Qazlal was most pleased with you.
You visited 1 branch You collected 405 gold pieces.
You spent 143 gold pieces at shops.

Inventory:

Hand Weapons
 a - a +0 hand axe
 c - a +2 vorpal scythe
 d - a +1 war axe of electrocution (weapon)
Armour
 b - a +0 robe (worn)
Scrolls
 h - a scroll of blinking
Potions
 f - 2 potions of magic


   Skills:
 + Level 13.8 Fighting
 + Level 15.9 Axes
 - Level 3.4 Dodging
 - Level 1.8 Stealth
 * Level 6.7 Invocations


You had 7 spell levels left.
You didn't know any spells.
Your spell library was empty.

Dungeon Overview and Level Annotations

Branches:
Dungeon (1/1)

Altars:
Cheibriados
Dithmenos
Elyvilon
Fedhas
Gozag
Hepliaklqana
Kikubaaqudgha
Makhleb
Nemelex Xobeh
Okawaru
Qazlal
Ru
Sif Muna
Trog
Uskayaw
Vehumet
Wu Jian
Xom
Yredelemnul
Zin
The Shining One
Jiyva
Lugonu

Shops:
D (


Message History

You enter the shallow water.
Moving in this stuff is going to be slow.
You hear a shout! x2
A centaur warrior comes into view.
The centaur warrior wields a +0 longbow.
The centaur warrior shoots an arrow.
The arrow hits you!!
The centaur warrior shoots an arrow.
The arrow hits you!!
Found a potion of heal wounds and a polished trident.
There is an open door here.
The centaur warrior wields a +0 shortbow.
The centaur warrior shoots an arrow.
You block the arrow.
You see here a +0 mace.
Okay, then.
Okay, then.
Aiming: Upheaval
Press: ? - help, Dir - move target, f - centaur warrior
Aim: a centaur warrior, wielding a +0 shortbow and quivering arrows Magma suddenly erupts from the ground!
The blast of magma engulfs the centaur warrior!
The centaur warrior is lightly wounded.
The blast of magma engulfs the centaur warrior!!
The centaur warrior is moderately wounded.
You can no longer give life to nearby clouds.
The centaur warrior shoots an arrow.
The arrow hits you!!
* * * LOW HITPOINT WARNING * * *
You slash the centaur warrior!
The centaur warrior is heavily wounded.
The centaur warrior unwields a +0 longbow.
The centaur warrior hits you!
* * * LOW HITPOINT WARNING * * *
The centaur warrior kicks you but does no damage.
You slash the centaur warrior!
The centaur warrior is severely wounded.
The centaur warrior closely misses you. The centaur warrior misses you.
You hit the centaur warrior.
Lightning courses through the centaur warrior!!
You kill the centaur warrior!
Qazlal accepts your kill.
You can now give life to nearby clouds.
The centaur warrior shoots an arrow.
The arrow hits you!!
You die...

##########################
#<.#..)..#.['..#__#..')..#
#..').#..'..#..'..'..#)..#
#..#####'#####'#__####...+
#..####..#...#)####§§#####
#..#__####..##@#§§§..#
#..#_____##'#○.§c≈§.§+
#⌠⌠#_.∩...'..._#§§≈..#
####_..__##_.#'##+####
#_____###+#[# ####### ###


You could see a centaur warrior.

Vanquished Creatures
  A centaur warrior (D)
  2 kobold demonologists (D)
  A slime creature (D)
  Sigmund (D)
  A yak (D)
  A floating eye (D)
  An ogre (D)
  A jelly (D)
  Ijyb (D)
10 creatures vanquished.

Notes
Turn   | Place    | Note
-------+----------+-------------------------------------------
     0 | D        | Hipnos the Hill Orc Monk began the quest for the Orb.
     0 | D        | Reached XP level 1. HP: 19/19 MP: 1/1
     1 | D        | Noticed Ijyb
    20 | D        | Killed Ijyb
    21 | D        | Reached skill level 5 in Fighting
    21 | D        | Reached skill level 5 in Axes
    21 | D        | Reached XP level 2. HP: 4/29 MP: 2/2
   301 | D        | Noticed an ogre
   308 | D        | Killed an ogre
   309 | D        | Reached skill level 8 in Axes
   309 | D        | Reached XP level 3. HP: 24/40 MP: 3/3
   309 | D        | Reached XP level 4. HP: 29/48 MP: 4/4
   312 | D        | Noticed Sigmund
   358 | D        | Killed Sigmund
   359 | D        | Reached skill level 10 in Fighting
   359 | D        | Reached skill level 11 in Axes
   359 | D        | Reached XP level 5. HP: 10/59 MP: 5/5
   359 | D        | Reached XP level 6. HP: 11/67 MP: 6/6
   836 | D        | Found an ornate altar of the Wu Jian Council.
   836 | D        | Found a shimmering blue altar of Sif Muna.
   838 | D        | Found a radiant altar of Vehumet.
   845 | D        | Reached skill level 12 in Axes
   991 | D        | Found Xeriaro's Antique Weapon Emporium.
   991 | D        | Found an ancient bone altar of Kikubaaqudgha.
   991 | D        | Found a hazy altar of Hepliaklqana.
   991 | D        | Found a stormy altar of Qazlal.
   991 | D        | Found a hide-covered altar of Uskayaw.
   991 | D        | Found a blossoming altar of Fedhas.
   991 | D        | Found a bloodstained altar of Trog.
   991 | D        | Found an iron altar of Okawaru.
   991 | D        | Found a basalt altar of Yredelemnul.
   991 | D        | Found a glowing golden altar of the Shining One.
   991 | D        | Found a snail-covered altar of Cheibriados.
   991 | D        | Found a sacrificial altar of Ru.
   991 | D        | Found a glowing silver altar of Zin.
   991 | D        | Found a shadowy altar of Dithmenos.
   991 | D        | Found a white marble altar of Elyvilon.
   991 | D        | Noticed a yak
  1004 | D        | Killed a yak
  1005 | D        | Reached skill level 13 in Axes
  1005 | D        | Reached XP level 7. HP: 35/75 MP: 7/7
  1005 | D        | Found an opulent altar of Gozag.
  1006 | D        | Found a sparkling altar of Nemelex Xobeh.
  1009 | D        | Became a worshipper of Qazlal Stormbringer
  1009 | D        | Reached * piety under Qazlal
  1009 | D        | Reached ** piety under Qazlal
  1185 | D        | Bought a glowing war axe for 143 gold pieces
  1206 | D        | Found a burning altar of Makhleb.
  1206 | D        | Found a viscous altar of Jiyva.
  1206 | D        | Found a shimmering altar of Xom.
  1206 | D        | Found a corrupted altar of Lugonu.
  1206 | D        | Noticed a slime creature
  1219 | D        | Killed a slime creature
  1220 | D        | Reached skill level 14 in Axes
  1509 | D        | Noticed a kobold demonologist
  1510 | D        | Noticed a kobold demonologist
  1515 | D        | Killed a kobold demonologist
  1516 | D        | Reached skill level 15 in Axes
  1516 | D        | Reached skill level 5 in Invocations
  1516 | D        | Reached XP level 8. HP: 75/86 MP: 9/12
  1518 | D        | Killed a kobold demonologist
  1518 | D        | Reached *** piety under Qazlal
  1597 | D        | Noticed a centaur warrior
  1599 | D        | Noticed a centaur warrior
  1605 | D        | Killed a centaur warrior
  1605 | D        | Shot with an arrow by a centaur warrior

Illustrated notes

Levels and vault maps discovered:
D:        dungeon_sprint_1 [red_sonja_temple_1, red_sonja_temple_small_1]

Skill      XL: |  1  2  3  4  5  6  7  8 |
---------------+-------------------------+-----
Fighting       | 5 8 10 11 13 | 13.8
Axes           | 5 8 11 13 15 | 15.9
Dodging        | 3 |  3.4
Invocations    | 5 6 |  6.7
Stealth        | |  1.8

Action                   |  1- 3 |  4- 6 |  7- 9 || total
-------------------------+-------+-------+-------++-------
Melee: Hand axe          |    23 |    52 |       ||    75
       War axe           |       |       |    23 ||    23
Invok: Upheaval          |       |       |     1 ||     1
  Use: Potion            |     2 |     2 |       ||     4
 Stab: Sleeping          |       |     1 |       ||     1
Armor: Robe              |       |       |     1 ||     1
Dodge: Dodged            |    10 |    13 |     7 ||    30
Block: Other             |       |       |     2 ||     2
